 Dungeon Crawl Stone Soup version 0.17.1-1-g73c8601 (webtiles) character file.

151 sageon the Shooter (level 5, -1/63 HPs)
             Began as a Centaur Hunter on Dec 30, 2015.
             Was an Initiate of Gozag.
             Slain by an orc
             ... wielding a +0 hand axe
              (3 damage)
             ... on level 5 of the Dungeon.
             The game lasted 01:09:50 (2321 turns).

sageon the Shooter (Centaur Hunter)                 Turns: 2321, Time: 01:09:52

Health: -1/63      AC: 22    Str: 14    XL:     5   Next: 10%
Magic:  5/5        EV:  1    Int: 10    God:    Gozag
Gold:   62         SH:  0    Dex: 11    Spells: 0 memorised, 4 levels left

rFire  . . .     SeeInvis .     b - +0 short sword
rCold  . . .     Clarity  .     (armour currently unavailable)
rNeg   + + +     SustAt   .     (no shield)
rPois  +         Gourm    .     (helmet currently unavailable)
rElec  .         Spirit   .     (cloak currently unavailable)
rCorr  .         Warding  .     (gloves currently unavailable)
rMut   .         NoTele   +     (no barding)
MR     .....                    (no amulet)
Stlth  +.........               u - ring of teleportation (curse)
                                i - ring of loudness (curse)

@: tree-form, not resistant to hostile enchantments, very unstealthy
A: (hooves 0), (deformed body), (speed 0), (tough skin 0)
a: Potion Petition, Call Merchant, Bribe Branch, Renounce Religion, Evoke
Teleportation


You were on level 5 of the Dungeon.
You worshipped Gozag.
Gozag was noncommittal.
You were not hungry.
You were a tree.
You visited 1 branch of the dungeon, and saw 5 of its levels.

You collected 138 gold pieces.
You paid 76 gold pieces to Gozag.

Inventory:

Hand Weapons
 a - a +2 shortbow
 b - a +0 short sword (weapon)
 g - a +0 hunting sling
 j - a +0 hand axe
 k - a +0 dagger
 r - a +0 dagger
Missiles
 l - 9 poisoned needles (quivered)
Armour
 c - a +0 leather armour
 d - a +0 leather armour
 o - a +0 robe
 q - a +0 ring mail
 s - a +0 pair of boots
 w - a +0 scale mail (melded)
Jewellery
 i - a cursed ring of loudness (left branch)
 u - a cursed ring of teleportation (right branch)
Wands
 x - a wand of disintegration (9)
Scrolls
 f - a scroll of amnesia {unknown}
Potions
 v - a potion of resistance
Comestibles
 e - a bread ration


   Skills:
 + Level 2.4 Fighting
 + Level 1.0 Short Blades
 + Level 6.5 Bows
 + Level 0.4 Throwing
 + Level 1.1 Armour
 + Level 2.3 Dodging
 + Level 0.8 Stealth


You had 4 spell levels left.
You didn't know any spells.

Dungeon Overview and Level Annotations

Branches:
Dungeon (5/15)
 Temple: D:4-7

Altars:
Ashenzari
Gozag
Makhleb

Annotations:
D:3 Robin


Innate Abilities, Weirdness & Mutations

((You have hooves in place of feet.))
((Armour fits poorly on your strangely shaped body.))
((You cover ground very quickly.))
((You have extremely tough skin (AC +3).))


Message History

Your +0 scale mail melds into your body.
Your roots penetrate the ground.
The orc hits you but does no damage.
The worker ant zombie bites you but does no damage.
The orc hits you but does no damage.
Drink which item? (? for menu, Esc to quit)
It was a potion of poison.
You feel slightly nauseous. The orc hits you but does no damage.
The worker ant zombie barely misses you.
You hit the orc but do no damage.
The orc is moderately wounded.
The orc hits you but does no damage.
The worker ant zombie bites you but does no damage.
The orc hits you but does no damage.
You hit the orc but do no damage.
The orc is moderately wounded.
The orc hits you but does no damage.
The worker ant zombie bites you but does no damage.
The orc hits you with a hand axe.
You die...
Your body crumbles into a pile of gold.

#(.(...#
#..(...+
#......#
#########
#......#
#.<......
#......#
#.#.#####
#......#
#...#
#......#
#####
#Zo....#
#♣o....#
########


You could see 2 orcs and a worker ant zombie.

Vanquished Creatures
  An iguana (D:4)
  Jessica (D:2)
  Natasha (D:4)
  An ooze (D:2)
  An adder zombie (D:3)
  A worm (D:2)
  A giant gecko (D:1)
  2 orcs
  12 bats
  8 hobgoblins
  6 jackals (D:2)
  A quokka (D:4)
  2 giant cockroaches
  A giant newt (D:3)
  8 goblins
  5 kobolds
  6 rats
58 creatures vanquished.

Notes
Turn   | Place    | Note
--------------------------------------------------------------
     0 | D:1      | sageon the Centaur Hunter began the quest for the Orb.
     0 | D:1      | Reached XP level 1. HP: 17/17 MP: 1/1
   244 | D:1      | Reached XP level 2. HP: 24/24 MP: 2/2
   572 | D:1      | Reached skill level 6 in Bows
   879 | D:2      | Reached XP level 3. HP: 24/29 MP: 3/3
  1274 | D:2      | Noticed Jessica
  1282 | D:2      | Killed Jessica
  1282 | D:2      | Reached XP level 4. HP: 32/37 MP: 4/4
  1562 | D:3      | Noticed Robin
  1725 | D:5      | Entered Level 5 of the Dungeon
  1811 | D:4      | Reached skill level 1 in Armour
  1887 | D:4      | Found an opulent altar of Gozag.
  1897 | D:4      | Found a burning altar of Makhleb.
  1906 | D:4      | Found a shattered altar of Ashenzari.
  2033 | D:4      | Became a worshipper of Gozag Ym Sagoz the Greedy
  2074 | D:4      | Noticed Natasha
  2140 | D:4      | Killed Natasha
  2140 | D:4      | Reached skill level 1 in Short Blades
  2140 | D:4      | Reached XP level 5. HP: 39/42 MP: 5/5
  2317 | D:5      | HP: 1/42 [orc/mace (5)]
  2321 | D:5      | Slain by an orc

Action                   |  1- 3 |  4- 6 || total
-------------------------+-------+-------++-------
Melee: Short sword       |   110 |   103 ||   213
 Fire: Shortbow          |    60 |    17 ||    77
Throw: Throwing net      |     1 |     1 ||     2
       Tomahawk          |       |     5 ||     5
  Use: Scroll            |     5 |     6 ||    11
       Potion            |     2 |     8 ||    10
 Stab: Fleeing           |       |     2 ||     2
  Eat: Pizza             |     1 |       ||     1
       Beef jerky        |       |     1 ||     1
